 Dungeon Crawl Stone Soup version 0.18-a0-19-g8b99b3a (webtiles) character file.

2120 4thArraOfDagon the Cleaver (level 9, -4/81 HPs)
             Began as a Hill Orc Berserker on Nov 1, 2015.
             Was a Priest of Trog.
             Succumbed to an orc warlord's poison
             ... in a bailey.
             The game lasted 00:12:15 (2160 turns).

4thArraOfDagon the Cleaver (Hill Orc Berserker)     Turns: 2160, Time: 00:12:16

Health: -4/81      AC: 14    Str: 22    XL:     9   Next: 29%
Magic:  10/10      EV:  7    Int:  8    God:    Trog [***...]
Gold:   427        SH:  0    Dex: 10    Spells: 0 memorised, 8 levels left

rFire  + . .     SeeInvis .     B - +0 broad axe
rCold  . . .     Clarity  .     F - +2 plate armour {rF+}
rNeg   . . .     SustAt   .     (no shield)
rPois  .         Gourm    .     (helmet restricted)
rElec  .         Spirit   .     (no cloak)
rCorr  .         Warding  .     (no gloves)
rMut   .         Stasis   .     (no boots)
MR     .....                    (no amulet)
Stlth  ..........               (no ring)
                                (no ring)

@: lethally poisoned (-4 -> -67), exhausted, slowed, very slow, not resistant to
hostile enchantments, extremely unstealthy
A: horns 1
a: Berserk, Trog's Hand, Burn Spellbooks, Renounce Religion


You were in a bailey.
You worshipped Trog.
Trog was most pleased with you.
You were very hungry.

You visited 1 branch of the dungeon, and saw 9 of its levels.
You also visited: Ossuary and Bailey.

You collected 427 gold pieces.

Inventory:

Hand Weapons
 b - a +0 battleaxe
 k - a +0 war axe of chopping
 o - a +0 war axe
 B - a +0 broad axe (weapon)
Missiles
 n - 2 javelins (quivered)
Armour
 F - a +2 plate armour of fire resistance (worn)
Wands
 d - a wand of magic darts (23)
 q - a wand of fireball (1)
 y - a wand of flame (16)
Scrolls
 h - a scroll of recharging
 j - a scroll of random uselessness
 l - 2 scrolls of remove curse {unknown}
 p - 3 scrolls of immolation {unknown}
 t - a scroll of fog {unknown}
 x - a scroll of amnesia {unknown}
 C - a scroll of blinking {unknown}
 E - a scroll of enchant weapon {unknown}
Potions
 a - 4 potions of agility
 e - 3 potions of curing
 f - 3 potions of degeneration {unknown}
 g - a potion of might {unknown}
 r - 2 potions of magic {unknown}
 s - 2 potions of flight {unknown}
 u - a potion of berserk rage {unknown}
 v - a potion of ambrosia
 A - a potion of invisibility
 D - a potion of heal wounds {unknown}
Comestibles
 c - a bread ration
 w - 3 chunks of flesh
 z - a slice of pizza


   Skills:
 + Level 8.0 Fighting
 * Level 11.2 Axes
 + Level 6.5 Armour
 - Level 1.5 Dodging
 - Level 2.6 Evocations


You had 8 spell levels left.
You didn't know any spells.

Dungeon Overview and Level Annotations

Branches:
Dungeon (9/15)                Orc (0/4) D:9
 Temple: D:4-7         Lair: D:8-11

Altars:
Ru


Innate Abilities, Weirdness & Mutations

You have a pair of small horns on your head.


Message History

a hand axe; a leather armour You are no longer berserk.
You are exhausted.
You feel yourself slow down.
You are feeling very hungry.
* * * LOW HITPOINT WARNING * * *
You feel very sick.
Your black bear dies!
Your black bear's corpse disappears in a puff of smoke!
Items here: ))) [[[ ÷ Unknown command.
Evoke which item? (* to show all) (? for menu, Esc to quit)
Zapping:
q - a wand of fireball (will waste charges)
Press: ? - help, Shift-Dir - straight line, f - orc warlord
Aim: an orc warlord, wielding a halberd of venom and wearing a runed plate armour (almost dead, hasn't noticed you)
The fireball explodes!
The fireball engulfs the orc warlord.
The orc warlord is almost dead.
The orc warlord shouts!
Evoking this partially-identified wand wasted a few charges.
You die...

### ### ###.### ###.###
###.....### ###.....###
##.........###.........##
#.......).).#...........#
#.......))[§o...........#
#.....⌠)@)).#.....⌠.....#
#..)))).....#o.)........#
#....)......#...........#
♣
###..)).)...###.........##
♣♣♣ ###.#'#.....###
###.....#'#.
♣.♣###.....###.###
###.###...
..##.........###
o.###..... ..#....)).....#
.o##8..... ..'.....).....#
..#8.....


You could see an orc warlord.

Vanquished Creatures
  Duvessa (D:6)
  2 ice beasts
  8 orc warriors (Bailey)
  A black bear (D:6)
  2 centaurs
  2 giant frogs
  Dowan (D:6)
  A scorpion (D:8)
  2 killer bees (D:7)
  A crimson imp (D:9)
  A jelly (D:8)
  A centaur zombie (D:7)
  A hound (D:7)
  Terence (D:2)
  A worker ant (D:7)
  A big kobold zombie (Ossuary)
  8 mummies (Ossuary)
  6 gnolls
  2 adders
  A shadow imp (D:8)
  2 worms
  A giant gecko (D:7)
  26 orcs
  2 bats
  A giant cockroach (D:5)
  23 goblins
  15 hobgoblins
  11 jackals
  7 kobolds
  A quokka (D:3)
  A gnoll zombie (Ossuary)
  2 hobgoblin zombies (Ossuary)
  3 kobold zombies (Ossuary)
  An orc zombie (Ossuary)
  8 rats
148 creatures vanquished.

Notes
Turn   | Place    | Note
--------------------------------------------------------------
     0 | D:1      | 4thArraOfDagon the Hill Orc Berserker began the quest for the Orb.
     0 | D:1      | Reached XP level 1. HP: 19/19 MP: 1/1
    61 | D:1      | Reached XP level 2. HP: 22/27 MP: 2/2
   190 | D:2      | Reached XP level 3. HP: 25/33 MP: 3/3
   197 | D:2      | Reached ** piety under Trog
   216 | D:2      | Noticed Terence
   219 | D:2      | Reached skill level 5 in Axes
   222 | D:2      | Reached XP level 4. HP: 22/41 MP: 4/4
   230 | D:2      | Killed Terence
   552 | D:5      | Entered Level 5 of the Dungeon
   563 | D:6      | Noticed a black bear
   570 | D:6      | Reached XP level 5. HP: 47/47 MP: 5/5
   571 | D:6      | Killed a black bear
   571 | D:6      | Reached skill level 5 in Fighting
   571 | D:6      | Reached skill level 6 in Axes
   608 | D:6      | Reached XP level 6. HP: 37/56 MP: 6/6
   640 | D:6      | Reached skill level 7 in Axes
   684 | D:6      | Noticed Duvessa
   686 | D:6      | Noticed Dowan
   700 | D:6      | Killed Duvessa
   700 | D:6      | Reached XP level 7. HP: 25/62 MP: 7/7
   700 | D:6      | Reached skill level 8 in Axes
   707 | D:6      | Killed Dowan
   813 | D:7      | Noticed a hungry ghost
   890 | D:7      | Gained mutation: You have a pair of small horns on your head. [potion of beneficial mutation]
   896 | D:7      | Reached skill level 5 in Armour
   898 | D:7      | Reached skill level 9 in Axes
   898 | D:7      | Reached XP level 8. HP: 22/71 MP: 8/8
  1078 | D:8      | Found a sand-covered staircase.
  1084 | Ossuary  | Entered an ossuary
  1299 | D:8      | Reached skill level 1 in Evocations
  1341 | D:8      | Found a sacrificial altar of Ru.
  1466 | D:9      | Found a flagged portal.
  1485 | Bailey   | Entered a bailey
  1499 | Bailey   | Reached skill level 10 in Axes
  1584 | Bailey   | Reached *** piety under Trog
  1806 | Bailey   | Reached XP level 9. HP: 74/79 MP: 10/10
  1964 | Bailey   | Noticed an orc warlord
  1987 | Bailey   | Reached **** piety under Trog
  1989 | Bailey   | Reached skill level 11 in Axes
  2159 | Bailey   | HP: 4/81 [poisoned by an orc warlord]
  2160 | Bailey   | Succumbed to an orc warlord's poison

Vault maps used:
D:1:      eino_arrival_cavern_d
D:2:      minitemple, first_bread, elyvilon_altar_3, uniq_terence
D:4:      okawaru_ov_weapons_minmay, kennysheep_mini,
          nicolae_qazlal_eye_of_the_storm
D:5:      nicolae_dithmenos_through_a_glass_darkly, st_stairs_1
D:6:      grunt_decor_resistance, kennysheep_nub, uniq_duvessa
D:7:      minmay_temple_entry_from_below_a
D:8:      enter_ossuary_5, serial_shops, shop, hangedman_pestilent_swarm,
          nicolae_ru_awakened_eye
D:9:      xom_teletrap_fun, nicolae_ashenzari_panopticon,
          nicolae_overflow_hidden_temple,
          kennysheep_orc_monster_closet_entryway, enter_bailey_2
Ossuary:  ossuary_tomb_3
Bailey:   bailey_axe_minmay_hex_keep, bailey

Action                   |  1- 3 |  4- 6 |  7- 9 || total
-------------------------+-------+-------+-------++-------
Melee: Hand axe          |    54 |    70 |    23 ||   147
       War axe           |       |       |   150 ||   150
       Broad axe         |       |       |    29 ||    29
Invok: Berserk           |     4 |     3 |    13 ||    20
       Trog's Hand       |       |     3 |     7 ||    10
       Brothers in Arms  |       |       |     1 ||     1
Evoke: Wand              |       |       |     1 ||     1
  Use: Scroll            |       |     5 |     3 ||     8
       Potion            |       |     1 |     4 ||     5
  Eat: Chunk             |     1 |     5 |    21 ||    27
